Map: Dasan Station LE

Players

Nickos

  • Race: Terran Terran
  • League: Gold

Smacko - Winner!

  • Race: Protoss Protoss
  • League: Gold

VOD

Have the link to the VOD?

Description

Time

  • Played on: Sept. 1, 2016, 8:17 a.m.
  • Length: 11:44
Show
View Real Time Build Order
Export as new Build Order

Nickos Terran 

Build Orders:  

Get SALT Encoding   

  12  0:01  SCV  
  13  0:13  SCV  
  14  0:17  Supply Depot  
  14  0:25  SCV  
  15  0:39  SCV  
  15  0:40  Barracks  
  16  0:51  SCV  
  17  1:03  SCV  
  18  1:15  SCV  
  19  1:20  Command Center  
  19  1:30  Orbital Command  
  19  1:33  Marine  
  20  1:51  Marine  
  21  1:54  Barracks  
  21  1:55  Supply Depot  
  21  1:59  SCV  
  22  2:09  Marine  
  23  2:17  SCV  
  24  2:25  Barracks  
  24  2:28  Refinery  
  24  2:29  Marine, SCV  
  25  2:30  Refinery  
  26  2:38  Orbital Command  
  26  2:49  Marine, SCV  
  26  2:50  Marine  
  29  3:01  SCV  
  30  3:07  Marine x2  
  30  3:10  SCV  
  33  3:13  SCV  
  33  3:14  Barracks Tech Lab  
  34  3:20  Factory  
  34  3:25  SCV  
  35  3:28  Marine, Supply Depot, SCV  
  35  3:30  Barracks Reactor  
  37  3:38  SCV  
  37  3:41  Marine  
  39  3:45  SCV  
  40  3:50  SCV  
  40  3:51  Supply Depot  
  41  3:58  Marine  
  41  4:02  Barracks Reactor  
  41  4:10  Marine x2  
  41  4:16  Marine  
  43  4:19  SCV x2  
  43  4:23  Factory Reactor, Starport  
  45  4:27  Supply Depot  
  45  4:28  Marine  
  45  4:31  Refinery, Engineering Bay x2, SCV  
  46  4:33  SCV  
  46  4:35  Marine  
  49  4:43  SCV  
  49  4:45  SCV, Stimpack  
  50  4:46  Marine  
  50  4:48  Marine  
  50  4:49  Marine  
  50  4:50  Supply Depot  
  54  4:54  Marine  
  54  4:59  Marauder  
  57  5:08  SCV x2  
  57  5:10  Terran Infantry Weapons Level 1, Terran Infantry Armor Level 1  
  59  5:15  Marine x3  
  59  5:18  Missile Turret  
  59  5:20  SCV x2  
  64  5:25  Missile Turret  
  64  5:26  Medivac  
  66  5:33  SCV  
  66  5:34  SCV  
  68  5:38  Marine x3  
  68  5:39  Marine x2  
  73  5:43  Medivac  
  73  5:45  SCV  
  73  5:46  SCV  
  77  5:56  Marine x2  
  75  5:58  Marine x3, SCV  
  73  6:14  Marine x2  
  73  6:16  Marine x3  
  61  6:31  Marine  
  61  6:32  Marine  
  60  6:34  Marine x3  
  52  6:49  Marine x2  
  52  6:51  Marine  
  52  6:52  Marine x2  
  48  7:07  Marine x2  
  49  7:09  Marine  
  49  7:14  Medivac  
  49  7:15  Medivac  
  54  7:19  SCV  
  54  7:20  SCV  
  56  7:25  Marine  
  56  7:26  Marine x3  
  60  7:31  SCV  
  60  7:35  SCV  
  62  7:39  Supply Depot  
  62  7:40  Marine  
  62  7:42  Supply Depot  
  62  7:44  Medivac, SCV  
  64  7:45  Medivac  
  64  7:47  SCV  
  69  7:53  Marine x4  
  69  7:54  Armory  
  69  7:56  SCV  
  74  7:58  Marine  
  60  8:24  Marine x4  
  60  8:25  Marine  
  64  8:42  Marine x5  
  69  8:49  Supply Depot  
  69  8:50  Supply Depot  
  69  8:51  SCV  
  69  8:52  SCV  
  69  9:03  SCV  
  69  9:07  Marine x4  
  69  9:08  Marine  
  67  9:23  Medivac  
  62  9:25  Marine x5  
  59  9:42  Marine  
  59  9:43  Marine x4  
  63  10:00  Medivac, Marine x2  
  63  10:01  Marine  
  63  10:02  SCV  
  63  10:03  SCV  
  70  10:15  SCV  
  71  10:23  Marine  
  71  10:24  Marine x3  
  38  11:04  Missile Turret  
  38  11:13  Marine x2  
  38  11:14  Marine  
  38  11:16  SCV  
  44  11:28  SCV  
Show
View Real Time Build Order
Export as new Build Order

Smacko Protoss - Winner!

Build Orders: 1 Gate Expand 

Get SALT Encoding   

  12  0:01  Probe (Chrono Boost)  
  13  0:12  Probe (Chrono Boost)  
  14  0:19  Pylon  
  14  0:23  Probe (Chrono Boost)  
  15  0:38  Probe (Chrono Boost)  
  15  0:40  Gateway  
  16  0:48  Probe (Chrono Boost)  
  17  0:50  Assimilator  
  17  0:59  Probe (Chrono Boost)  
  18  1:09  Probe (Chrono Boost)  
  19  1:23  Nexus  
  19  1:34  Cybernetics Core  
  19  1:36  Probe (Chrono Boost)  
  20  1:47  Probe (Chrono Boost)  
  21  1:58  Probe (Chrono Boost)  
  21  2:02  Assimilator  
  22  2:08  Probe (Chrono Boost)  
  22  2:15  Pylon  
  22  2:19  Probe (Chrono Boost), Pylon  
  23  2:32  Pylon  
  23  2:33  Adept  
  23  2:34  Probe (Chrono Boost)  
  26  2:40  Robotics Facility  
  26  2:43  Probe (Chrono Boost)  
  27  2:53  Twilight Council  
  27  2:59  Mothership Core (Chrono Boost)  
  27  3:02  Probe (Chrono Boost)  
  30  3:14  Probe (Chrono Boost)  
  30  3:17  Probe (Chrono Boost)  
  32  3:20  Gateway  
  32  3:27  Resonating Glaives  
  32  3:30  Pylon  
  32  3:34  Probe x2 (Chrono Boost)  
  34  3:44  Probe (Chrono Boost)  
  34  3:46  Probe (Chrono Boost)  
  34  3:48  Pylon  
  36  3:50  Warp Gate  
  36  3:55  Probe (Chrono Boost)  
  37  3:59  Gateway  
  38  4:03  Probe (Chrono Boost)  
  38  4:05  Probe (Chrono Boost)  
  38  4:09  Warp Prism  
  39  4:22  Adept  
  39  4:23  Adept  
  43  4:39  Pylon  
  43  4:43  Probe (Chrono Boost)  
  43  4:44  Probe (Chrono Boost)  
  45  4:46  Adept x2  
  49  4:59  Gateway  
  49  5:02  Gateway  
  49  5:03  Probe x2 (Chrono Boost)  
  49  5:05  Assimilator, Forge  
  52  5:14  Pylon  
  52  5:15  Probe (Chrono Boost)  
  52  5:24  Templar Archives  
  52  5:27  Probe x2 (Chrono Boost)  
  53  5:39  Probe (Chrono Boost)  
  55  5:42  Probe (Chrono Boost)  
  55  5:51  Probe (Chrono Boost)  
  56  5:58  Adept x3  
  62  6:14  Probe x2 (Chrono Boost)  
  62  6:17  Assimilator  
  64  6:22  Adept x2  
  64  6:23  Adept x3  
  76  6:26  Probe x2 (Chrono Boost)  
  74  6:38  Probe x2 (Chrono Boost)  
  64  6:50  Probe x2 (Chrono Boost)  
  64  6:56  Psionic Storm  
  64  6:58  High Templar x5  
  70  7:02  Probe x2 (Chrono Boost)  
  70  7:06  Nexus  
  66  7:14  Gateway, Probe x2 (Chrono Boost)  
  66  7:15  Gateway  
  68  7:19  Gateway  
  68  7:25  Protoss Ground Weapons Level 1  
  68  7:26  Probe (Chrono Boost)  
  68  7:27  Probe (Chrono Boost)  
  70  7:35  Adept x2  
  70  7:36  Adept x2  
  79  7:38  Probe (Chrono Boost)  
  79  7:39  Probe (Chrono Boost)  
  80  7:44  Warp Prism  
  80  7:50  Assimilator, Pylon  
  80  7:51  Probe x2 (Chrono Boost)  
  84  7:52  Pylon, Dark Shrine  
  84  7:54  Assimilator  
  84  7:56  Adept  
  86  8:02  Pylon  
  86  8:03  Probe (Chrono Boost)  
  85  8:09  Adept x3  
  89  8:16  Archon x2  
  89  8:20  Adept x2  
  89  8:25  Probe (Chrono Boost)  
  89  8:26  Probe x2 (Chrono Boost)  
  96  8:37  Adept x2  
  96  8:38  Adept x2  
  106  8:41  Probe (Chrono Boost)  
  106  8:43  Probe x2 (Chrono Boost)  
  107  8:50  Pylon  
  107  8:53  Pylon  
  107  8:55  Probe (Chrono Boost)  
  108  8:57  Adept x4  
  116  9:15  Pylon  
  116  9:17  Pylon  
  116  9:18  Charge  
  116  9:23  High Templar  
  118  9:27  Pylon  
  118  9:32  Pylon  
  118  9:36  Probe x2 (Chrono Boost)  
  112  9:50  Dark Templar x6  
  112  9:51  Dark Templar  
  126  10:08  High Templar  
  122  10:23  Dark Templar x3  
  122  10:24  Dark Templar  
  111  10:35  Zealot x3  
  106  10:43  Probe (Chrono Boost)  
  106  10:45  Probe x2 (Chrono Boost)  
  103  10:50  Zealot  
  103  10:54  Probe (Chrono Boost)  
  106  10:57  Probe x2 (Chrono Boost)  
  106  11:01  High Templar x3  
  112  11:06  Probe (Chrono Boost)  
  112  11:09  Probe x2 (Chrono Boost)  
  115  11:15  High Templar  
  115  11:16  Probe (Chrono Boost)  
  116  11:21  Probe x2 (Chrono Boost)  
  116  11:27  Adept x4  
  124  11:38  High Templar  
Tags
 
Add a new tag
Caveats
  • Supply blocks, unpowered buildings, or Contaminate may cause inaccurate times.
  • Supply counts are checked every 10 seconds.